 Dungeon Crawl Stone Soup version 0.17-a0-461-g772d41b (webtiles) character file.

53 Pikaro the Gusty (level 3, 0/19 HPs)
             Began as a Tengu Air Elementalist on Apr 5, 2015.
             Slain by a jackal (2 damage)
             ... on level 2 of the Dungeon.
             The game lasted 00:03:15 (1572 turns).

Pikaro the Gusty (Tengu Air Elementalist)           Turns: 1572, Time: 00:03:15

Health: 0/19       AC:  2    Str:  8    XL:     3   Next: 89%
Magic:  0/7        EV: 12    Int: 16    God:
Gold:   36         SH:  0    Dex: 14    Spells: 1 memorised, 5 levels left

rFire  . . .     SeeInvis .     h - +1 dagger (speed)
rCold  . . .     Clarity  .     a - +0 robe
rNeg   . . .     SustAb   .     (no shield)
rPois  .         Gourm    .     (helmet restricted)
rElec  .         Spirit   .     (no cloak)
rCorr  .         Warding  .     (no gloves)
rMut   .         Stasis   .     (boots unavailable)
MR     .....                    (no amulet)
Stlth  ++........               (no ring)
                                (no ring)

@: very slightly contaminated, not resistant to hostile enchantments, unstealthy
A: beak, talons 3
a: no special abilities


You were on level 2 of the Dungeon.
You were hungry.

You visited 1 branch of the dungeon, and saw 2 of its levels.

You collected 36 gold pieces.

Inventory:

Hand weapons
 h - a +1 dagger of speed (weapon)
   (You took it off a goblin on level 2 of the Dungeon)
Missiles
 g - 18 poisoned needles
Armour
 a - a +0 robe (worn)
Scrolls
 e - a scroll of immolation {unknown}
Potions
 d - a potion of flight {unknown}
 f - 3 potions of restore abilities {unknown}
 i - a potion of haste {unknown}
Books
 b - a book of Air
Comestibles
 c - 2 bread rations
 j - 2 chunks of flesh


   Skills:
 - Level 2.1 Dodging
 - Level 2.0 Stealth
 - Level 2.0 Spellcasting
 + Level 3.4 Conjurations
 + Level 5.2 Air Magic


You had 5 spell levels left.
You knew the following spells:

 Your Spells              Type           Power        Failure   Level  Hunger
a - Shock                 Conj/Air       ###.         4%          1    #......


Dungeon Overview and Level Annotations

Branches:
Dungeon (2/15)

Altars:


Innate Abilities, Weirdness & Mutations

You have a beak for a mouth.
You have claws for feet.


Message History

You now have 3/7 mp.
Aim: a jackal (moderately wounded) That beam is likely to hit you.
Continue anyway?
The zap hits the jackal. x2
You kill the jackal!
The zap misses you.
You now have 2/7 mp.
You start resting.
A jackal comes into view.
There are monsters nearby!
Aim: a jackal The zap misses the jackal.
You now have 1/7 mp.
You are too depleted to cast spells recklessly!
Aim: a jackal You miscast Shock.
You are very lightly contaminated with residual magic.
Wisps of vapour drift from your hands. The jackal bites you.
You take 1 damage, and have 18/19 hp.
You now have 1/7 mp.
Aim: a jackal The zap hits the jackal.
The jackal bites you. The jackal bites you.
You take 2 damage, and have 16/19 hp.
You now have 0/7 mp.
You hit the jackal.
The jackal bites you but does no damage.
You barely miss the jackal. Your kick misses the jackal.
The jackal barely misses you.
You closely miss the jackal. Your kick misses the jackal.
The jackal misses you.
You barely miss the jackal. Your kick misses the jackal. The jackal misses you.
You hit the jackal. Your kick misses the jackal. You hit the jackal.
You kill the jackal!
You see here a jackal corpse.
You butcher the jackal corpse.
j - 2 chunks of flesh A kobold comes into view.
It is wielding a short sword.
Aim: a kobold, wielding a short sword (hasn't noticed you)
The zap hits the kobold.
The kobold shouts!
The zap hits the kobold.
You kill the kobold!
You now have 0/7 mp.
You start resting.
Your magical contamination has completely faded away.
A jackal comes into view.
Total turns waited: 11 The jackal barks!
Aim: a jackal You miscast Shock.
You are very lightly contaminated with residual magic.
Nothing appears to happen.
You now have 0/7 mp.
The jackal bites you. The jackal closely misses you.
You take 1 damage, and have 16/19 hp.
You barely miss the jackal. Your kick misses the jackal.
The jackal closely misses you.
You hit the jackal. The jackal bites you.
You take 3 damage, and have 13/19 hp.
You hit the jackal. You barely miss the jackal. You claw the jackal.
The jackal barely misses you.
You hit the jackal but do no damage. The jackal bites you.
A kobold comes into view. It is wielding a short sword.
You take 3 damage, and have 10/19 hp.
You barely miss the jackal.
The kobold shouts!
The jackal misses you.
Aim: a jackal (almost dead)
The zap hits the jackal.
You kill the jackal!
The kobold throws a stone.
The stone hits you.
You take 2 damage, and have 8/19 hp.
You now have 0/7 mp.
HP at 42%!
You see here a stone.
You completely miss the kobold. You claw the kobold, but do no damage.
The kobold barely misses you.
You hit the kobold.
A jackal comes into view.
The jackal barks!
You hit the kobold.
You kill the kobold! a short sword; 11 gold pieces; a kobold corpse
Aim: a jackal That beam is likely to hit you.
Continue anyway?
The zap misses the jackal. x2
The zap hits you!
* * * LOW HITPOINT WARNING * * *
You take 5 damage, and have 4/19 hp.
MASSIVE DAMAGE!!
You now have 0/7 mp.
HP at 21%!
You closely miss the jackal. You claw the jackal, but do no damage.
Your peck misses the jackal.
The jackal bites you but does no damage.
You hit the jackal. Your kick misses the jackal. The jackal barely misses you.
You closely miss the jackal. The jackal misses you.
You are feeling hungry.
You barely miss the jackal. You peck the jackal, but do no damage.
The jackal bites you.
* * * LOW HITPOINT WARNING * * *
You take 2 damage, and have 2/19 hp.
You barely miss the jackal. Your kick misses the jackal. The jackal bites you.
You die...

###.#†....###...
...#.#.....# #..<
##)..#.....# ###.
.....<.....# .
..#.......#
####.....# #
##...###
#..#########....#
#)†.h@.(...####
#)########## ..
..# ..


You could see a jackal.

Vanquished Creatures
  An adder (D:2)
  2 giant geckos
  3 bats (D:1)
  8 hobgoblins
  3 jackals (D:2)
  8 kobolds
  3 giant newts (D:1)
  5 goblins
  6 rats
39 creatures vanquished.

Notes
Turn   | Place    | Note
--------------------------------------------------------------
     0 | D:1      | Pikaro, the Tengu Air Elementalist, began the quest for the Orb.
     0 | D:1      | Reached XP level 1. HP: 10/10 MP: 4/4
   283 | D:1      | Reached skill level 2 in Conjurations
   283 | D:1      | Reached XP level 2. HP: 12/15 MP: 0/6
   883 | D:1      | Reached XP level 3. HP: 19/19 MP: 5/7
  1187 | D:1      | Reached skill level 5 in Air Magic
  1290 | D:2      | Reached skill level 3 in Conjurations
  1566 | D:2      | HP: 4/19 [bounced beam (5)]
  1571 | D:2      | HP: 2/19 [jackal (2)]
  1572 | D:2      | Slain by a jackal

Action                   || total
-------------------------++-------
Melee: Unarmed           ||     6
       Dagger            ||    20
 Cast: Shock             ||    81
  Eat: Chunk             ||     3

Vault maps used:
D:1:      dpeg_arrival_court
D:2:      uniq_jessica, uniq_crazy_yiuf_cottage, uniq_sigmund

Table legend:
 A = Turns spent in this place as a percentage of turns spent in the entire game.
 B = Non-inter-level travel turns spent in this place as a percentage of non-inter-level travel turns spent in the entire game.
 C = Inter-level travel turns spent in this place as a percentage of turns spent in this place.
 D = Turns resting spent in this place as a percentage of non-inter-level travel turns spent in this place.
 E = Turns spent auto-exploring this place as a percentage of non-inter-level travel turns spent in this place.
 F = Non-inter-level travel turns spent in this place divided by the number of levels of this place that you've seen.
                   A       B       C       D       E      F
               +-------+-------+-------+-------+-------+----------------------
         Total | 100.0 | 100.0 |   0.3 |  23.2 |  11.1 | 157.0
       Dungeon | 100.0 | 100.0 |   0.3 |  23.2 |  11.1 | 157.0
               +-------+-------+-------+-------+-------+----------------------

Table legend:
 A = Kills in this place as a percentage of kills in entire the game.
 B = Kills by you in this place as a percentage of kills by you in the entire game.
 C = Kills by friends in this place as a percentage of kills by friends in the entire game.
 D = Other kills in this place as a percentage of other kills in the entire game.
 E = Experience gained in this place as a percentage of experience gained in the entire game.
 F = Experience gained in this place divided by the number of levels of this place that you have seen.
                   A       B       C       D       E      F
               +-------+-------+-------+-------+-------+----------------------
         Total | 100.0 | 100.0 |  -nan |  -nan | 100.0 |  38.5
       Dungeon | 100.0 | 100.0 |  -nan |  -nan | 100.0 |  38.5
               +-------+-------+-------+-------+-------+----------------------
